 Dungeon Crawl Stone Soup version 0.30-a0-918-g0ff054e9dc (webtiles) character file.

Game seed: 16244313706228656400

313 MachoJfn the Chopper (level 6, 0/37 HPs)
             Began as a Tengu Reaver on Mar 20, 2023.
             Was a Follower of Elyvilon.
             Slain by an iguana (6 damage)
             ... on level 5 of the Dungeon.
             The game lasted 00:12:43 (3059 turns).

MachoJfn the Chopper (Tengu Reaver)                 Turns: 3059, Time: 00:12:44

Health: 0/37       AC: 16    Str: 14    XL:     6   Next: 43%
Magic:  0/10       EV:  5    Int: 13    God:    Elyvilon [*.....]
Gold:   120        SH:  0    Dex: 13    Spells: 8/9 levels left

rFire   + . .      SeeInvis .    a - +1 hand axe
rCold   + . .      Faith    .    (no shield)
rNeg    . . .      Spirit   +    t - +0 plate armour
rPois   +          Reflect  .    q - +1 hat
rElec   +          Rampage  .    (no cloak)
rCorr   +                        (no gloves)
Will    .....                    (boots unavailable) Stlth
                                 o - amulet of guardian spirit
HPRegen 0.26/turn                s - +4 ring of protection
MPRegen 0.12/turn                (no ring)

@: resistant, flying quickly and evasively, quick
A: beak, talons 3, nimble flight
a: Renounce Religion, Purification


You were on level 5 of the Dungeon.
You worshipped Elyvilon.
Elyvilon was aware of your devotion.
You visited 1 branch of the dungeon, and saw 5 of its levels.

You collected 120 gold pieces.

Inventory:

Hand Weapons
 a - a +1 hand axe (weapon)
 v - the +0 war axe "Xuefy" {vamp, MP+9 Int+2}
   (You found it on level 5 of the Dungeon)

   Int:       It affects your intelligence (+2).
   MP:        It affects your magic capacity (+9).
   Elyvilon disapproves of the use of such an item.
Missiles
 e - 6 atropa-tipped darts
 j - 2 poisoned darts (quivered)
Armour
 h - a scarf of harm
 q - a +1 hat (worn)
 t - a +0 plate armour (worn)
Jewellery
 o - an amulet of guardian spirit (around neck)
 s - a +4 ring of protection (left hand)
Wands
 g - a wand of quicksilver (11)
 p - a wand of flame (21)
Scrolls
 d - a scroll of amnesia
 l - 3 scrolls of fear
 n - 2 scrolls of vulnerability
 r - a scroll of immolation
Potions
 b - a potion of brilliance {unknown}
 c - a potion of magic
 f - a potion of resistance
 i - a potion of flight
 k - a potion of haste
 m - a potion of attraction {unknown}
 u - 2 potions of heal wounds {unknown}
 w - a potion of curing {unknown}


   Skills:
 + Level 3.0 Fighting
 + Level 5.4 Axes
 + Level 3.2 Armour
 + Level 3.2 Dodging
 + Level 0.1 Stealth
 + Level 2.0 Spellcasting
 + Level 4.5 Conjurations


You had 8 spell levels left.
You knew the following spells:

 Your Spells              Type           Power      Damage    Failure   Level
a - Kiss of Death         Conj/Necr      28%        2d7       100%        1

Your spell library contained the following spells:

 Spells                   Type           Power      Damage    Failure   Level
 Momentum Strike          Conj/Tloc      14%        3d8       100%        2
 Hailstorm                Conj/Ice       7%         3d4       100%        3
 Kindle Blastsparks       Fire/Tloc/Air  2%         2d10      100%        3
 Stone Arrow              Conj/Erth      14%        3d7       100%        3
 Animate Armour           Summ/Erth      2%         N/A       100%        4
 Fulminant Prism          Conj/Hex       3%         3d5       100%        4
 Iskenderun's Mystic Bla  Conj/Tloc      7%         2d4       100%        4
 Lee's Rapid Deconstruct  Erth           0%         3d4*      100%        5
 Lehudib's Crystal Spear  Conj/Erth      3%         10d3      100%        8


Dungeon Overview and Level Annotations

Branches:
Dungeon (5/15)
 Temple: D:4-7

Altars:
Elyvilon
Xom

Shops:
D:2 (   D:4 (


Innate Abilities, Weirdness & Mutations

You have a beak for a mouth.
You have claws for feet.
Your magical nature lets you fly swiftly and evasively.


Message History

Your Fighting skill increases to level 3!
Your Armour skill increases to level 3!
You feel sick.
The iguana hisses menacingly.
The iguana bites you but does no damage.
The orc hits you but does no damage.
You see here a scorpion corpse.
You hit the orc. You claw the orc.
The orc is severely wounded.
You closely miss the iguana.
You feel sick. The orc barely misses you. The iguana bites you!
You slash the orc!
You kill the orc!
You hit the iguana but do no damage.
You feel sick.
The iguana bites you but does no damage.
You feel sick.
The iguana bites you but does no damage.
Items here: $ ) ? †.
You feel sick.
You hit the iguana but do no damage. You peck the iguana, but do no damage.
You feel sick. The iguana bites you!
* * * LOW HITPOINT WARNING * * *
You hit the iguana. You claw the iguana. You peck the iguana.
The iguana is lightly wounded.
You feel sick. The iguana bites you.
* * * LOW HITPOINT WARNING * * *
You hit the iguana.
The iguana is moderately wounded.
You feel sick.
You are no longer poisoned.
The iguana barely misses you.
You hit the iguana.
The iguana is heavily wounded.
The iguana bites you but does no damage.
You feel protected. The iguana barely misses you.
You hit the iguana. Your kick misses the iguana. Your punch misses the iguana.
The iguana is almost dead.
The iguana bites you!
You die...

..## ....############
. ........##.....# ..
........##.###.####...
........##...#.#......
........####.#.#.#....
.......†..##..........
.......l#.........#...
.......@###.......#
........# #.......#
###########.......#
#........##
#.......#### #
#..........# .
#..........## .
#...........# .
#...........# .


You could see an iguana.

Vanquished Creatures
  2 scorpions
  A hound (D:5)
  2 sleepcaps (D:4)
  5 adders
  4 dart slugs
  An orc (D:5)
  6 ball pythons
  3 bats
  9 endoplasms
  4 giant cockroaches
  6 goblins
  6 hobgoblins
  2 jackals (D:3)
  A quokka (D:1)
  6 kobolds
  6 rats
64 creatures vanquished.

Notes
Turn   | Place    | Note
-------+----------+-------------------------------------------
     0 | D:1      | MachoJfn the Tengu Reaver began the quest for the Orb.
     0 | D:1      | Reached XP level 1. HP: 12/12 MP: 4/4
   162 | D:1      | Reached XP level 2. HP: 13/13 MP: 6/6
   775 | D:1      | Reached skill level 4 in Axes
   884 | D:2      | Reached XP level 3. HP: 21/21 MP: 7/7
   935 | D:2      | You fall into a shaft and drop 1 floor!
  1097 | D:2      | Reached skill level 1 in Armour
  1192 | D:2      | Reached XP level 4. HP: 12/27 MP: 5/8
  1640 | D:2      | Found Zaus's Weapon Emporium.
  1787 | D:3      | Found a white marble altar of Elyvilon.
  1797 | D:3      | Became a worshipper of Elyvilon the Healer
  2409 | D:4      | Noticed a scorpion
  2420 | D:4      | Killed a scorpion
  2421 | D:4      | Gained mutation: Your magical nature lets you fly swiftly
                  | and evasively. [Tengu growth]
  2421 | D:4      | Reached XP level 5. HP: 26/31 MP: 7/9
  2495 | D:4      | Reached * piety under Elyvilon
  2509 | D:4      | Reached skill level 5 in Axes
  2641 | D:4      | Found Rustuh's Weapon Emporium.
  2777 | D:4      | Reached XP level 6. HP: 36/36 MP: 10/10
  2899 | D:5      | Entered Level 5 of the Dungeon
  2908 | D:5      | Identified the +0 war axe "Xuefy" {vamp, MP+9 Int+2}
  2937 | D:5      | Found a shimmering altar of Xom.
  3059 | D:5      | Slain by an iguana

Illustrated notes

Levels and vault maps discovered:
D:1:      dpeg_arrival_arbitrary_c, layout_basic
D:2:      layout_basic, serial_shops, shop
D:3:      layout_rooms, elyvilon_altar_3
D:4:      layout_rooms, serial_shops, nicolae_shop_waterfront, hellmonk_no_cap
D:5:      layout_basic, hangedman_ru_absence, nicolae_xom_altar_mimics,
          uniq_menkaure, uniq_grinder

Skill      XL: |  1  2  3  4  5  6 |
---------------+-------------------+-----
Axes           | 4 5 |  5.4
Armour         | 1 2 3 |  3.2
Dodging        | 3 |  3.2
Fighting       | 3 |  3.0
Stealth        | |  0.1
Spellcasting   | |  2.0
Conjurations   | |  4.5

Action                     |  1- 3 |  4- 6 || total
---------------------------+-------+-------++-------
  Melee: Hand axe          |    74 |    70 ||   144
         Kick              |    15 |    26 ||    41
         Peck              |     9 |    14 ||    23
  Throw: Dart              |     1 |     1 ||     2
   Cast: Kiss of Death     |     2 |       ||     2
    Use: Scroll            |     1 |    11 ||    12
         Potion            |       |     1 ||     1
 Armour: Leather armour    |    24 |     2 ||    26
         Plate armour      |       |    62 ||    62
  Dodge: Dodged            |    64 |    25 ||    89

Table legend: (Time is in decaauts)
 A = Elapsed time spent in this place.
 B = Non-inter-level travel time spent in this place.
 C = Inter-level travel time spent in this place.
 D = Time resting spent in this place.
 E = Time spent auto-exploring this place.
 F = Levels seen in this place.
 G = Mean time per level.
                   A        B        C        D        E       F      G
               +--------+--------+--------+--------+--------+-----+--------+
         Total |   3021 |   2439 |    582 |    399 |   1571 |   5 |  604.2 |
       Dungeon |   3021 |   2439 |    582 |    399 |   1571 |   5 |  604.2 |
               +--------+--------+--------+--------+--------+-----+--------+

Top non-repeatable levels by time:
     D:1: 854 daAuts
     D:2: 789 daAuts
     D:3: 776 daAuts
     D:4: 450 daAuts
     D:5: 151 daAuts
